 Dungeon Crawl Stone Soup version 0.26.1-11-gd32895ea62 (webtiles) character file.

Game seed: 5710794756337939815

111 nothank2 the Slasher (level 4, 0/41 HPs)
             Began as a Minotaur Fighter on July 11, 2021.
             Killed by nerve-wracking pain
             ... invoked by an orc priest
              (12 damage)
             ... on level 2 of the Dungeon.
             The game lasted 00:01:37 (944 turns).

nothank2 the Slasher (Minotaur Fighter)              Turns: 944, Time: 00:01:37

Health: 0/41       AC:  6    Str: 22    XL:     4   Next: 62%
Magic:  3/3        EV:  7    Int:  5    God:
Gold:   79         SH:  9    Dex:  9    Spells: 3/3 levels left

rFire    . . .     SeeInvis .   a - +0 long sword
rCold    . . .     Faith    .   c - +0 kite shield
rNeg     . . .     Spirit   .   b - +0 scale mail
rPois    .         Reflect  .   (helmet restricted)
rElec    .         Harm     .   (no cloak)
rCorr    .         Rampage  .   (no gloves)
Will     .....                  (no boots)
Stlth    ..........             (no amulet)
HPRegen  0.13/turn              (no ring)
MPRegen  0.08/turn              (no ring)

@: mighty
A: retaliatory headbutt, horns 2
a: no special abilities


You were on level 2 of the Dungeon.
You visited 1 branch of the dungeon, and saw 2 of its levels.

You collected 79 gold pieces.

Inventory:

Hand Weapons
 a - a +0 long sword (weapon)
Missiles
 g - a boomerang of dispersal (quivered)
Armour
 b - a +0 scale mail (worn)
 c - a +0 kite shield (worn)
Scrolls
 e - 3 scrolls of teleportation {unknown}
 f - 3 scrolls of identify {unknown}
 h - a scroll of enchant armour {unknown}
 i - a scroll of enchant weapon {unknown}


   Skills:
 + Level 4.7 Fighting
 * Level 5.1 Long Blades
 - Level 3.6 Armour
 - Level 3.6 Shields


You had 3 spell levels left.
You didn't know any spells.
Your spell library was empty.

Dungeon Overview and Level Annotations

Branches:
Dungeon (2/15)

Altars:
Dithmenos


Innate Abilities, Weirdness & Mutations

You reflexively headbutt those who attack you in melee.
You have a pair of horns on your head.


Message History

You closely miss the orc warrior. Your headbutt misses the orc warrior.
The orc warrior is severely wounded.
The orc warrior barely misses you. You furiously retaliate!
You headbutt the orc warrior!
You riposte.
You slash the orc warrior!
You kill the orc warrior!
Your Long Blades skill gained 2 levels and is now at level 5!
You have reached level 3!
Your experience leads to an increase in your attributes!
Increase (S)trength, (I)ntelligence, or (D)exterity?
You feel stronger.
You have reached level 4!
You feel stronger. The orc hits you but does no damage. x2
Things that are here:
a +0 war axe; a +0 plate armour You slash the orc!
You kill the orc!
The orc priest mumbles some strange prayers to Beogh against you.
Pain shoots through your body!
You die...

#.... .# #######.# #....
.# ###<......# ...... .#
#......####
....####.####......##
#.†....##.........#
#.###..o###.........###
#$....................#
#####>r)###....<......##
...)..oo@..............#
##########.#####.......#
#..####.>.....#
##...(........#.
####...#..#####.#.
#.....###)....#.#.
#.##..###..##...#. #.
##..#..###...#.
##..##.....##..###.


You could see an orc priest, 2 orcs and a rat.

Vanquished Creatures
  An orc warrior (D:2)
  A dart slug (D:1)
  An orc (D:2)
  2 hobgoblins
  A jackal (D:1)
  A ball python (D:1)
  A bat (D:1)
  3 frilled lizards
  4 goblins
15 creatures vanquished.

Notes
Turn   | Place    | Note
-------+----------+-------------------------------------------
     0 | D:1      | nothank2 the Minotaur Fighter began the quest for the Orb.
     0 | D:1      | Reached XP level 1. HP: 19/19 MP: 0/0
   431 | D:1      | Reached skill level 3 in Long Blades
   626 | D:1      | Reached XP level 2. HP: 27/27 MP: 1/1
   873 | D:2      | Found a shadowy altar of Dithmenos.
   922 | D:2      | Noticed an orc warrior
   942 | D:2      | Killed an orc warrior
   943 | D:2      | Reached skill level 5 in Long Blades
   943 | D:2      | Reached XP level 3. HP: 10/34 MP: 2/2
   943 | D:2      | Reached XP level 4. HP: 12/41 MP: 3/3
   944 | D:2      | Killed from afar by an orc priest

Illustrated notes

Levels and vault maps discovered:
D:1:      dpeg_arrival_brainrot, layout_loops_ring
D:2:      layout_basic, minmay_misc_feat_chi, nicolae_dithmenos_shadow_blocks

Skill      XL: |  1  2 |
---------------+-------+-----
Long Blades    | 3 5 |  5.1
Fighting       | 4 |  4.7
Armour         | |  3.6
Shields        | |  3.6

Action                   |  1- 3 |  4- 6 || total
-------------------------+-------+-------++-------
Melee: Long sword        |    37 |     1 ||    38
       Headbutt          |     3 |       ||     3
Throw: Boomerang         |     1 |       ||     1
  Use: Potion            |     1 |       ||     1
Armor: Scale mail        |     7 |     2 ||     9
Dodge: Dodged            |     7 |       ||     7
Block: Kite shield       |    14 |       ||    14
       Rpst.: Long sword |     2 |       ||     2
